 Dungeon Sprint DCSS version 0.31-a0-876-gfe8ebadbca (webtiles) character file.

Game seed: 6203165527930692841

1175 rocky1 the Nimble (level 8, -15/64 HPs)
             Began as a Djinni Gladiator on Oct 14, 2023.
             Was an Initiate of Gozag.
             Demolished by a yaktaur captain (16 damage)
             ... in the Dungeon (Sprint II: "The Violet Keep of Menkaure").
             The game lasted 00:02:08 (453 turns).

rocky1 the Nimble (Djinni Gladiator)                 Turns: 453, Time: 00:02:08

Health: -15/64     AC:  4    Str: 12      XL:     8   Next: 69%
Gold:   1206       EV: 18    Int:  7 (13) God:    Gozag SH:  0 Dex: 16 (17)

rFire   + + .        a - +0 long sword
rCold   x . .        (no shield)
rNeg    . . .        b - +0 leather armour
rPois   ∞            c - +0 helmet
rElec   .            (no cloak)
rCorr   .            (no gloves)
SInv    .            (boots unavailable)
Will    .....        (no amulet)
Stlth   +            (no ring)
HPRegen 0.30/turn    (no ring)
MPRegen 0.00/turn

%: no teleportation, infuse magic (-16 HP)
@: flying
A: sickness immunity, fire resistance 2, cold vulnerability 1, float, innate
caster, HP casting, extra vitality 1, clever 1, deterioration 1
a: Renounce Religion, Potion Petition, Call Merchant, Bribe Branch


You were in the Dungeon.
You worshipped Gozag.
Gozag was most pleased with you.
You visited 1 branch You collected 1206 gold pieces.

Inventory:

Hand Weapons
 a - a +0 long sword (weapon)
Missiles
 d - 3 throwing nets (quivered)
 e - a javelin
Armour
 b - a +0 leather armour (worn)
 c - a +0 helmet (worn)
Scrolls
 j - a scroll of blinking
Potions
 f - a potion of curing


   Skills:
 + Level 7.3 Fighting
 + Level 11.1 Long Blades
 - Level 1.5 Throwing
 + Level 4.0 Armour
 + Level 12.6 Dodging


You knew the following spells:

 Your Spells              Type           Power      Damage    Failure   Level
a - Sandblast             Erth           0%         2d4       52%         1
b - Searing Ray           Conj           0%         2d4       65%         2
c - Poisonous Vapours     Pois/Air       0%         N/A       65%         2
Your spell library was empty.

Dungeon Overview and Level Annotations

Branches:
Dungeon (1/1)

Altars:
Cheibriados
Dithmenos
Elyvilon
Fedhas
Gozag
Hepliaklqana
Makhleb
Nemelex Xobeh
Okawaru
Qazlal
Ru
Trog
Uskayaw
Wu Jian
Xom
Yredelemnul
Zin
The Shining One
Jiyva
Lugonu

Shops:
D (:[:[*===(!:

Annotations:
D exclusions: obsidian statue and oklob plant, Kirke


Innate Abilities, Weirdness & Mutations

You are immune to sickness and miasma.
You are immune to poison.
Your flesh is very heat resistant. (rF++)
You are vulnerable to cold. (rC-)
You float through the air rather than walking.
You learn spells naturally, not from books.
Your magical power is your life essence.
You have superior vitality. (+4 MHP)
Your mind is acute. (Int +4, Str/Dex -1)
Your body sometimes deteriorates upon taking damage.


Message History

You now have 1206 gold pieces (gained 99).
There is an open door here.
Your extra speed is starting to run out.
You reach down and open the door.
There is an open door here.
Kirke, a skeletal warrior and a yaktaur captain come into view.
Kirke shouts!
A centaur warrior comes into view.
The yaktaur captain wields a +0 arbalest.
The yaktaur captain shoots a bolt.
The bolt barely misses you.
The centaur warrior moves out of view.
You feel yourself slow down.
The yaktaur captain shoots a bolt.
The bolt closely misses you.
You hear a shout!
There is an open door here.
There is an open door here.
There is an open door here.
You start resting.
A yaktaur captain is nearby!
You feel much better.
The yaktaur captain shoots a bolt.
The bolt completely misses you.
The yaktaur captain unwields a +0 arbalest.
The yaktaur captain hits you!!
You slash the yaktaur captain!
The yaktaur captain is lightly wounded.
You barely miss the yaktaur captain.
The yaktaur captain is lightly wounded.
The yaktaur captain hits you!!
* * * LOW HITPOINT WARNING * * *
Your body deteriorates!
You feel clumsy.
You barely miss the yaktaur captain.
The yaktaur captain is lightly wounded.
The yaktaur captain hits you!
* * * LOW HITPOINT WARNING * * *
Your body deteriorates!
You feel dopey.
You hit the yaktaur captain.
The yaktaur captain is lightly wounded.
The yaktaur captain hits you!
You die...
Your body crumbles into a pile of gold. @c.~## §SSS≈

########~~#+++#+++##
########~~~.........#
.......#~~~~.##'##..#
...⌠...#~~~~####.##.#### .
..∩.∩..#~~~~#..##.#....# .
.∩.∩.∩.#~~####...####..## #
∩.∩.∩.∩#~##.###'## .##..# +
.....∩.#~##@c##.##l# #..# #
∩.....∩'~+.##'.<.+# +..####
.......#~##..##.##$# #....##
▓▓▓▓▓###~##.###÷## l##......
.l######~~####.#.####~§§....
$l ##~~~#..#..#~~~~§~~.. P
#+#~##...##~~§~§§~~.
#~~##'##~~~≈≈§§~~~
##~~~~~~~~~~§≈≈≈~~


You could see a yaktaur captain.

Vanquished Creatures
  4 neqoxecs (D)
  Menkaure (D)
  2 water moccasins (D)
  4 necrophages (D)
  4 scorpions (D)
15 creatures vanquished.

Notes
Turn   | Place    | Note
-------+----------+-------------------------------------------
     0 | D        | rocky1 the Djinni Gladiator began the quest for the Orb.
     0 | D        | Reached XP level 1. HP: 18/18 MP: 0/0
     1 | D        | Noticed a wyvern
     1 | D        | Noticed a wyvern
     5 | D        | Noticed a necrophage
     5 | D        | Noticed a necrophage
     5 | D        | Noticed a necrophage
     5 | D        | Noticed a necrophage
    10 | D        | Killed a necrophage
    11 | D        | Reached skill level 5 in Long Blades
    11 | D        | Reached skill level 6 in Dodging
    11 | D        | Reached XP level 2. HP: 25/25 MP: 0/0
    11 | D        | Reached XP level 3. HP: 30/30 MP: 0/0
    11 | D        | Learned a level 1 spell: Sandblast
    11 | D        | Reached XP level 4. HP: 35/35 MP: 0/0
    17 | D        | Killed a necrophage
    18 | D        | Reached skill level 7 in Dodging
    18 | D        | Reached XP level 5. HP: 41/41 MP: 0/0
    18 | D        | Learned a level 2 spell: Searing Ray
    21 | D        | Reached skill level 8 in Dodging
    27 | D        | Reached skill level 5 in Fighting
    27 | D        | Reached skill level 9 in Dodging
    27 | D        | Reached XP level 6. HP: 43/49 MP: 0/0
    40 | D        | Noticed an obsidian statue
    42 | D        | Noticed Menkaure
    44 | D        | Killed Menkaure
    46 | D        | Noticed a water moccasin
    48 | D        | Noticed a flying skull
    49 | D        | Noticed a flying skull
    49 | D        | Noticed a flying skull
    55 | D        | Killed a water moccasin
    56 | D        | Reached skill level 10 in Dodging
    58 | D        | Found a glowing golden altar of the Shining One.
    58 | D        | Found an ornate altar of the Wu Jian Council.
    58 | D        | Found a stormy altar of Qazlal.
    59 | D        | Found a shimmering altar of Xom.
    59 | D        | Found a sacrificial altar of Ru.
    59 | D        | Found a hazy altar of Hepliaklqana.
    60 | D        | Found a basalt altar of Yredelemnul.
    60 | D        | Found a viscous altar of Jiyva.
    61 | D        | Found a bloodstained altar of Trog.
    61 | D        | Found a glowing silver altar of Zin.
    61 | D        | Found a snail-covered altar of Cheibriados.
    62 | D        | Found a hide-covered altar of Uskayaw.
    62 | D        | Found a corrupted altar of Lugonu.
    62 | D        | Found a shadowy altar of Dithmenos.
    63 | D        | Found a burning altar of Makhleb.
    63 | D        | Found a white marble altar of Elyvilon.
    67 | D        | Found a sparkling altar of Nemelex Xobeh.
    67 | D        | Found a blossoming altar of Fedhas.
    69 | D        | Found an iron altar of Okawaru.
    69 | D        | Found an opulent altar of Gozag.
    73 | D        | Noticed a water moccasin
    75 | D        | Noticed a water moccasin
    77 | D        | Noticed a water moccasin
    77 | D        | Noticed a flying skull
    77 | D        | Noticed a flying skull
    79 | D        | Became a worshipper of Gozag Ym Sagoz the Greedy
   104 | D        | Found Foruok's Book Emporium.
   106 | D        | Found Egiasou's Weapon Shoppe.
   114 | D        | Found Zowamoam's Jewellery Emporium.
   115 | D        | Found Mievyl's General Store.
   116 | D        | Found Sumellocse's Antique Armour Shoppe.
   116 | D        | Found Taofosk's Jewellery Shoppe.
   116 | D        | Found Varch's Book Emporium.
   117 | D        | Found Ducsaax's Jewellery Emporium.
   117 | D        | Found Satoigeo's Antique Armour Emporium.
   118 | D        | Found Hocky's Distillery.
   120 | D        | Found Juycix's Book Shoppe.
   120 | D        | Found Coihecke's Antique Weapon Emporium.
   120 | D        | Noticed a water moccasin
   120 | D        | Noticed a wyvern
   120 | D        | Noticed a wyvern
   120 | D        | Noticed an oklob plant
   138 | D        | Killed a water moccasin
   139 | D        | Reached skill level 1 in Armour
   139 | D        | Reached skill level 11 in Dodging
   139 | D        | Reached XP level 7. HP: 21/56 MP: 0/0
   139 | D        | Learned a level 2 spell: Poisonous Vapours
   215 | D        | Noticed a flying skull
   366 | D        | Noticed a neqoxec
   366 | D        | Noticed a neqoxec
   366 | D        | Noticed a neqoxec
   366 | D        | Noticed a neqoxec
   366 | D        | Gained mutation: Your body sometimes deteriorates upon
                  | taking damage. [a neqoxec]
   371 | D        | Gained mutation: Your mind is acute. (Int +4, Str/Dex -1)
                  | [a neqoxec]
   373 | D        | Killed a neqoxec
   374 | D        | Reached skill level 10 in Long Blades
   374 | D        | Reached skill level 12 in Dodging
   374 | D        | Reached XP level 8. HP: 56/62 MP: 0/0
   429 | D        | Noticed Kirke
   429 | D        | Noticed a skeletal warrior
   429 | D        | Noticed a yaktaur captain
   430 | D        | Noticed a centaur warrior
   452 | D        | HP: 1/64 [yaktaur captain (13)]
   453 | D        | Demolished by a yaktaur captain

Illustrated notes

Levels and vault maps discovered:
D:        the_violet_keep_of_menkaure [sprint2_stairs_cluster_1,
          sprint2_shoproom, sprint2_temple, sprint2_basic_supplies,
          sprint2_obstacle_3, sprint2_obstacle_1, sprint2_obstacle_7,
          sprint2_obstacle_4, sprint2_obstacle_6, sprint2_timed_cluster_1,
          sprint2_smallroom_cluster_1, sprint2_smallroom_final_cluster_1,
          sprint2_transparent_cluster_1, sprint2_second_timed_cluster_1,
          sprint2_sniper_area_1, sprint2_heavy_combat_area_1,
          sprint2_mutation_trap_area_1, sprint2_forest_area_1,
          sprint2_light_combat_area_1, sprint2_behind_water_1,
          sprint2_near_end_vault_1]

Skill      XL: |  1  2  3  4  5  6  7  8 |
---------------+-------------------------+-----
Fighting       | 3 4 5 6 7 |  7.3
Long Blades    | 5 6 7 8 10 11 | 11.1
Dodging        | 6 7 9 11 12 | 12.6
Armour         | 1 3 4 |  4.0
Throwing       | |  1.5

Action                     |  1- 3 |  4- 6 |  7- 9 || total
---------------------------+-------+-------+-------++-------
  Melee: Long sword        |     4 |    38 |    75 ||   117
         Punch             |       |     1 |       ||     1
    Use: Potion            |     1 |       |     2 ||     3
 Armour: Leather armour    |       |    15 |    22 ||    37
  Dodge: Dodged            |     2 |    27 |    36 ||    65

Table legend: (Time is in decaauts)
 A = Elapsed time spent in this place.
 B = Non-inter-level travel time spent in this place.
 C = Inter-level travel time spent in this place.
 D = Time resting spent in this place.
 E = Time spent auto-exploring this place.
 F = Levels seen in this place.
 G = Mean time per level.
                   A        B        C        D        E       F      G
               +--------+--------+--------+--------+--------+-----+--------+
         Total |    430 |    430 |      0 |    148 |      0 |   1 |  430.0 |
       Dungeon |    430 |    430 |      0 |    148 |      0 |   1 |  430.0 |
               +--------+--------+--------+--------+--------+-----+--------+

Top non-repeatable levels by time:
       D: 430 daAuts
